 Dungeon Crawl Stone Soup version 0.22.1-1-ga44c0e5 (webtiles) character file.

213 Irenicus the Grave Robber (level 5, -4/42 HPs)
             Began as a Deep Dwarf Necromancer on Sept 29, 2018.
             Was an Initiate of Makhleb.
             Slain by an ogre
             ... wielding a +0 giant spiked club
              (16 damage)
             ... on level 6 of the Dungeon.
             The game lasted 00:10:11 (1505 turns).

Irenicus the Grave Robber (Deep Dwarf Necromancer)  Turns: 1505, Time: 00:10:12

Health: -4/42      AC:  4    Str: 12    XL:     5   Next: 59%
Magic:  1/8        EV: 12    Int: 15    God:    Makhleb [......]
Gold:   88         SH:  0    Dex: 14    Spells: 5/10 levels left

rFire    . . .     SeeInvis .   a - +1 dagger (vamp)
rCold    . . .     Gourm    +   (no shield)
rNeg     . . .     Faith    .   e - +0 leather armour
rPois    .         Spirit   .   (no helmet)
rElec    .         Reflect  .   (no cloak)
rCorr    .         Harm     .   f - +0 pair of gloves
MR       .....                  (no boots)
Stlth    ++........             m - amulet of the gourmand
HPRegen  0.00/turn              k - ring of flight
MPRegen  0.11/turn              (no ring)

@: non-regenerating, badly diseased
A: damage resistance, heal wounds, sense surroundings 1, no regeneration
a: Heal Wounds, Renounce Religion, Evoke Flight


You were on level 6 of the Dungeon.
You worshipped Makhleb.
Makhleb was noncommittal.
You were very hungry.

You visited 2 branches of the dungeon, and saw 7 of its levels.

You collected 88 gold pieces.

Inventory:

Hand Weapons
 a - a +1 vampiric dagger (weapon)
 b - a +0 hand axe
 d - a +2 dagger of venom
Missiles
 c - a throwing net
 i - 92 stones (quivered)
Armour
 e - a +0 leather armour (worn)
 f - a +0 pair of gloves (worn)
Jewellery
 k - a ring of flight (left hand)
 m - an amulet of the gourmand (around neck)
Scrolls
 g - a scroll of blinking
 j - 3 scrolls of identify
 o - a scroll of remove curse
Potions
 h - 2 potions of curing
Comestibles
 n - a ration


   Skills:
 - Level 2.1 Dodging
 - Level 2.4 Stealth
 - Level 3.0 Spellcasting
 + Level 6.8 Necromancy


You had 5 spell levels left.
You knew the following spells:

 Your Spells              Type           Power        Failure   Level  Hunger
a - Pain                  Necr           ###.         1%          1    #......
b - Animate Skeleton      Necr           N/A          1%          1    #......
e - Vampiric Draining     Necr           ###.......   4%          3    ###....

Your spell library contained the following spells:

 Spells                   Type           Power        Failure   Level  Hunger
 Animate Dead             Necr           N/A          16%         4    #####..
 Regeneration             Chrm/Necr      Unusable     N/A         3    N/A

Dungeon Overview and Level Annotations

Branches:
Dungeon (6/15)             Temple (1/1) D:4

Altars:
Cheibriados
Hepliaklqana
Kikubaaqudgha
Makhleb
Ru


Innate Abilities, Weirdness & Mutations

You are resistant to damage.
You can heal yourself by infusing magical energy.
You passively map a small area around you.
You do not regenerate.


Message History

Confirm with . or Enter, or press ? or * to list all spells.
Aiming: Vampiric Draining (safe; 4% risk of failure)
Press: ? - help, Shift-Dir - straight line, f/p - ogre
Aim: an ogre, wielding a giant spiked club (moderately wounded)
The ogre is heavily wounded.
You feel life coursing into your body.
Casting: Vampiric Draining (safe; 4% risk of failure)
Confirm with . or Enter, or press ? or * to list all spells.
You don't have enough magic to cast that spell.
Unknown command.
Casting: Vampiric Draining (safe; 4% risk of failure)
Confirm with . or Enter, or press ? or * to list all spells.
Aiming: Pain (safe; 1% risk of failure)
Press: ? - help, Shift-Dir - straight line, f/p - ogre
Aim: an ogre, wielding a giant spiked club (heavily wounded, chance to defeat The ogre barely resists.
The ogre misses you.
You hit the ogre.
You feel better.
The ogre is heavily wounded.
The ogre hits you with a giant spiked club!!
You die...

#####.. , [......,
,> , ..._..., ,,, ,
....... , ,## *, ,
....... , ....
.......####**.....#
."Z.O.....# .....# ,
,........#†###.....#
#######.#.O@......#
#5#####....##
#.####.....#
#...5......# ,
######.....# *
#<....# ##....#
*#####


You could see an ogre.

Vanquished Creatures
  A necrophage (D:6)
  A worker ant (D:4)
  A worker ant zombie (D:6)
  3 adders
  A shadow imp (D:6)
  An adder skeleton (D:4)
  2 dart slugs
  3 leopard geckos
  4 bats
  3 giant cockroaches
  A goblin (D:3)
  A hobgoblin (D:2)
  6 jackals (D:4)
  6 kobolds
  2 ball pythons
  11 frilled lizards
  7 rats
54 creatures vanquished.

Vanquished Creatures (collateral kills)
  A bat (D:1)
1 creature vanquished.

Grand Total: 55 creatures vanquished

Notes
Turn   | Place    | Note
-------+----------+-------------------------------------------
     0 | D:1      | Irenicus the Deep Dwarf Necromancer began the quest for the
                  | Orb.
     0 | D:1      | Reached XP level 1. HP: 15/15 MP: 3/3
   131 | D:1      | Reached XP level 2. HP: 17/22 MP: 0/5
   140 | D:1      | Learned a level 1 spell: Animate Skeleton
   473 | D:2      | Reached skill level 5 in Necromancy
   473 | D:2      | Reached XP level 3. HP: 21/28 MP: 3/6
   615 | D:3      | Found a sacrificial altar of Ru.
   689 | D:3      | Learned a level 3 spell: Vampiric Draining
   838 | D:4      | Reached XP level 4. HP: 9/36 MP: 0/8
   956 | D:4      | Found a staircase to the Ecumenical Temple.
   956 | D:4      | Noticed a phantom
   968 | Temple   | Entered the Ecumenical Temple
   982 | Temple   | Gained mutation: You tend to lose your temper in combat.
                  | [potion of mutation]
   982 | Temple   | Lost mutation: You tend to lose your temper in combat.
                  | [potion of mutation]
   988 | Temple   | Became a worshipper of Makhleb the Destroyer
  1047 | D:4      | Noticed a phantom
  1100 | D:5      | Entered Level 5 of the Dungeon
  1260 | D:5      | Noticed a phantom
  1357 | D:5      | Noticed a necrophage
  1415 | D:6      | Found a sacrificial altar of Ru.
  1418 | D:6      | Noticed an ogre
  1461 | D:6      | Killed a necrophage
  1461 | D:6      | Reached skill level 6 in Necromancy
  1461 | D:6      | Reached XP level 5. HP: 8/38 MP: 8/8
  1505 | D:6      | Slain by an ogre

Skill      XL: |  1  2  3  4 |
---------------+-------------+-----
Spellcasting   | 2 3 |  3.0
Necromancy     | 5 6 |  6.8
Dodging        | |  2.1
Stealth        | |  2.4

Action                   |  1- 3 |  4- 6 || total
-------------------------+-------+-------++-------
Melee: Dagger            |    73 |   122 ||   195
 Cast: Pain              |    40 |     1 ||    41
       Animate Skeleton  |     2 |       ||     2
       Vampiric Draining |     1 |     5 ||     6
 Abil: Heal Wounds       |       |     2 ||     2
  Use: Scroll            |     5 |     2 ||     7
       Potion            |       |     4 ||     4
 Stab: Sleeping          |     1 |       ||     1
  Eat: Ration            |     2 |       ||     2
Armor: Leather armour    |    19 |    19 ||    38
Dodge: Dodged            |    65 |    58 ||   123
